Map: Lightshade LE

Players

INnoVation

  • Race: Terran Terran
  • League: Grandmaster
  • Spawn Location: 11:00

TYTY (TY) - Winner!

  • Race: Terran Terran
  • League: Grandmaster
  • Spawn Location: 5:00

VOD

Have the link to the VOD?

Description

Time

  • Played on: Jan. 16, 2021, 8:47 a.m.
  • Length: 12:37
Show
View Real Time Build Order
Export as new Build Order

INnoVation Terran 

Build Orders:  

Get SALT Encoding   

  12  0:00  SCV  
  13  0:13  Supply Depot  
  13  0:17  SCV  
  14  0:35  Barracks  
  14  0:40  Refinery  
  14  0:53  Barracks  
  14  0:58  SCV  
  15  1:10  SCV  
  16  1:22  Reaper  
  16  1:24  Orbital Command  
  17  1:31  Refinery  
  17  1:40  Reaper  
  18  1:49  SCV  
  19  1:56  Supply Depot  
  19  1:57  Reaper  
  20  2:01  SCV  
  21  2:12  Reaper  
  21  2:13  SCV  
  23  2:26  SCV  
  23  2:29  Reaper  
  25  2:37  Factory  
  25  2:38  SCV  
  26  2:44  Reaper  
  26  2:45  Supply Depot  
  26  2:50  SCV  
  28  3:02  SCV  
  28  3:05  Reaper  
  30  3:14  SCV  
  30  3:16  Command Center  
  31  3:20  Factory Tech Lab  
  31  3:26  SCV  
  31  3:32  Starport  
  31  3:38  SCV  
  31  3:41  Cyclone  
  35  3:50  SCV  
  36  3:58  Refinery  
  36  4:02  SCV  
  37  4:10  Viking  
  39  4:28  Orbital Command, Siege Tank, SCV  
  43  4:40  SCV  
  43  4:41  Starport Tech Lab  
  43  4:44  Command Center  
  44  4:46  Barracks Reactor  
  44  4:52  SCV  
  44  4:58  SCV  
  44  4:59  Raven  
  45  5:04  SCV  
  45  5:06  Supply Depot  
  46  5:08  Siege Tank  
  46  5:11  SCV  
  50  5:16  SCV  
  50  5:20  Supply Depot  
  51  5:24  Marine x2  
  51  5:25  SCV  
  54  5:28  SCV  
  54  5:29  Barracks  
  55  5:39  SCV  
  55  5:40  SCV  
  55  5:42  Raven, Marine x2  
  56  5:50  Siege Tank  
  56  5:52  SCV x2  
  57  5:57  Orbital Command  
  56  6:06  SCV  
  56  6:07  SCV  
  56  6:19  SCV x2, Marine x2  
  59  6:26  Siege Tank  
  59  6:31  SCV x2  
  63  6:36  SCV  
  64  6:48  SCV x3  
  64  6:49  Stimpack  
  64  6:50  Starport Reactor  
  67  6:54  Barracks  
  67  7:00  SCV x3  
  70  7:06  Engineering Bay x2  
  70  7:08  Supply Depot, Marine  
  71  7:12  Orbital Command, SCV x2  
  73  7:16  Siege Tank  
  73  7:20  Marine  
  73  7:21  Marine  
  78  7:25  Marine  
  78  7:26  SCV x2  
  78  7:27  Supply Depot  
  79  7:33  Terran Infantry Armor Level 1, Terran Infantry Weapons Level 1  
  79  7:40  Starport Reactor  
  66  7:45  SCV  
  66  7:46  SCV x2  
  66  7:49  Marine x2  
  65  7:53  Siege Tank  
  65  7:57  SCV, Refinery, Marine x2  
  65  7:58  SCV x2  
  73  8:08  Marine  
  73  8:10  SCV, Marine  
  73  8:11  Marine  
  77  8:14  Barracks  
  77  8:15  Barracks  
  77  8:16  Medivac  
  77  8:17  Medivac  
  77  8:18  SCV  
  77  8:19  SCV  
  83  8:22  SCV  
  83  8:25  Siege Tank  
  87  8:31  Combat Shield, Supply Depot x2, Marine x2  
  87  8:32  Marine x2  
  87  8:33  Marine  
  92  8:36  Supply Depot  
  86  8:49  Marine x4  
  86  8:51  Marine  
  88  9:00  Siege Tank  
  88  9:01  SCV x2  
  78  9:06  Barracks Reactor x2  
  66  9:13  Marine x5  
  66  9:15  Viking  
  66  9:16  Viking  
  75  9:30  Marine  
  75  9:31  Marine x2  
  78  9:35  Siege Tank  
  78  9:36  Marine x2  
  83  9:44  Marine x4  
  83  9:45  Supply Depot, Medivac  
  87  9:46  Medivac, Supply Depot  
  87  9:48  Marine x3  
  94  9:56  Supply Depot  
  94  10:06  Marine x8  
  102  10:07  Marine  
  102  10:08  Siege Tank  
  102  10:10  Supply Depot  
  106  10:15  Medivac  
  106  10:16  Medivac  
  110  10:24  Marine  
  111  10:39  Marine x8  
  111  10:40  Siege Tank  
  111  10:42  Marine  
  123  10:45  Medivac  
  125  10:56  Marine  
  125  10:57  Marine x2  
  124  11:01  Marine x2  
  124  11:02  Marine x2  
  124  11:03  Marine x2  
  124  11:04  Medivac  
  124  11:14  Marine x2  
  124  11:18  Marine  
  124  11:19  Marine  
  124  11:21  Siege Tank  
  122  11:26  Marine  
  122  11:27  Marine x4  
  122  11:32  Marine  
  123  11:33  Medivac  
  123  11:36  Marine  
  123  11:37  Marine x2  
  115  11:41  Medivac  
  115  11:44  Marine x2  
  106  11:53  Siege Tank  
  109  11:54  Marine x2  
  109  11:56  Marine  
  109  11:58  Marine  
  113  12:06  Marine  
  118  12:19  Marine  
Show
View Real Time Build Order
Export as new Build Order

TYTY Terran - Winner!

Build Orders: Liberator Opening 

Get SALT Encoding   

  12  0:00  SCV  
  13  0:12  SCV  
  14  0:16  Supply Depot  
  14  0:24  SCV  
  15  0:29  Refinery  
  15  0:38  SCV  
  16  0:43  Barracks  
  16  0:50  SCV  
  16  0:54  Refinery  
  17  1:02  SCV  
  18  1:14  SCV  
  19  1:31  Orbital Command, Reaper  
  20  1:35  Factory  
  20  1:49  Supply Depot  
  20  1:57  SCV  
  21  2:02  Marine  
  22  2:09  SCV  
  23  2:19  Hellion  
  23  2:20  Marine  
  26  2:27  SCV  
  26  2:38  Marine  
  26  2:39  SCV  
  26  2:40  Hellion  
  26  2:42  Supply Depot  
  30  2:51  SCV  
  31  3:04  Command Center, Hellion  
  34  3:08  SCV  
  34  3:10  Barracks Reactor  
  33  3:14  Starport  
  33  3:20  SCV  
  33  3:21  Supply Depot  
  34  3:29  Hellion  
  34  3:32  SCV  
  37  3:44  SCV  
  37  3:46  Marine x2  
  40  3:51  Factory Tech Lab  
  40  3:52  Liberator  
  43  3:56  SCV  
  44  4:04  Marine x2  
  44  4:08  SCV  
  47  4:16  Orbital Command, Siege Tank  
  50  4:22  Marine x2  
  53  4:31  SCV  
  53  4:35  Medivac  
  53  4:38  Orbital Command  
  55  4:39  Marine  
  55  4:40  Marine  
  55  4:43  SCV  
  58  4:46  Supply Depot  
  55  4:58  Marine x2  
  57  5:03  Factory Tech Lab  
  57  5:04  SCV  
  57  5:05  SCV  
  59  5:15  Raven, Marine  
  59  5:16  SCV  
  59  5:19  Refinery  
  59  5:20  SCV  
  64  5:23  Marine  
  64  5:24  Supply Depot  
  64  5:28  SCV  
  65  5:40  Marine  
  65  5:41  Marine  
  69  5:42  Siege Tank  
  69  5:43  SCV  
  69  5:44  SCV  
  70  5:54  Supply Depot  
  70  5:56  SCV  
  70  5:57  SCV  
  70  6:03  Marine  
  70  6:04  Command Center, Marine  
  70  6:08  SCV  
  71  6:11  Supply Depot  
  71  6:14  SCV  
  70  6:21  Siege Tank, Marine x2  
  70  6:22  SCV  
  76  6:26  SCV  
  76  6:31  Banshee  
  72  6:34  SCV  
  72  6:37  Refinery  
  72  6:38  SCV  
  72  6:39  Marine x2  
  76  6:50  Supply Depot, SCV  
  76  6:53  Siege Tank  
  80  6:57  Marine x2  
  80  6:58  SCV  
  83  7:03  SCV  
  83  7:06  Barracks  
  83  7:07  Barracks  
  84  7:10  SCV  
  84  7:15  SCV  
  86  7:22  SCV  
  84  7:25  Viking x2  
  84  7:28  Siege Tank  
  84  7:29  Orbital Command  
  84  7:42  SCV  
  73  7:50  SCV  
  72  7:53  Barracks Reactor, Stimpack  
  72  7:54  SCV  
  72  7:55  Orbital Command  
  72  7:58  Viking x2  
  78  7:59  Marine  
  78  8:02  Barracks Reactor  
  78  8:03  SCV  
  79  8:07  SCV  
  80  8:16  Marine  
  80  8:19  SCV  
  82  8:21  SCV  
  82  8:25  Siege Tank  
  82  8:26  SCV  
  87  8:30  Supply Depot  
  87  8:31  Engineering Bay x2, SCV  
  87  8:33  SCV  
  89  8:38  Viking x2  
  92  8:43  SCV x2  
  92  8:45  Marine x3  
  92  8:46  Marine  
  92  8:47  SCV  
  98  8:53  Marine  
  98  8:55  SCV  
  100  9:01  SCV x2  
  97  9:03  Marine x2  
  97  9:07  SCV  
  97  9:08  Marine  
  97  9:09  Marine  
  102  9:10  Terran Infantry Armor Level 1, Terran Infantry Weapons Level 1  
  102  9:12  Supply Depot  
  104  9:18  Siege Tank  
  104  9:19  Marine  
  104  9:21  Marine  
  104  9:22  Viking  
  104  9:23  Viking  
  111  9:30  Bunker, Refinery  
  111  9:31  Refinery, Marine x2  
  113  9:33  SCV x2  
  113  9:34  SCV  
  113  9:36  Supply Depot x2  
  113  9:37  Marine x2  
  118  9:39  Combat Shield  
  119  9:45  SCV  
  119  9:49  Marine x3  
  122  9:55  Marine  
  122  9:58  Sensor Tower  
  122  9:59  Medivac x2  
  127  10:00  SCV x2  
  127  10:02  Marine  
  127  10:04  Barracks  
  127  10:05  Barracks  
  127  10:07  SCV, Marine x2  
  131  10:08  Missile Turret  
  131  10:13  Marine  
  131  10:14  Marine  
  135  10:17  Siege Tank  
  135  10:18  Supply Depot  
  135  10:20  Marine  
  141  10:26  Marine x2  
  141  10:30  Supply Depot  
  141  10:31  Armory  
  141  10:38  Supply Depot  
  141  10:39  Marine x3  
  141  10:40  Medivac x2  
  148  10:44  Marine  
  148  10:46  Sensor Tower  
  148  10:49  Marine  
  149  10:54  Siege Tank  
  154  10:57  Marine  
  154  11:01  Barracks Reactor x2  
  154  11:02  Marine x3  
  156  11:08  Marine  
  156  11:11  Supply Depot  
  154  11:13  Command Center  
  154  11:15  Marine  
  154  11:19  Marine  
  154  11:20  Marine x2  
  136  11:26  Marine  
  136  11:32  Siege Tank  
  132  11:33  Marine  
  132  11:36  Barracks Reactor  
  132  11:37  Marine  
  132  11:38  Marine x3  
  127  11:41  Marine  
  127  11:44  Marine  
  131  11:49  SCV x2  
  131  11:51  Marine  
  128  11:55  Marine x3  
  128  11:56  Marine  
  128  11:59  Marine  
  135  12:01  Marine  
  139  12:08  Marine  
  139  12:13  Marine x3  
  139  12:14  Marine  
  143  12:21  Supply Depot  
Tags
 
Add a new tag
Caveats
  • Supply blocks, unpowered buildings, or Contaminate may cause inaccurate times.
  • Supply counts are checked every 10 seconds.